 Dungeon Crawl Stone Soup version 0.31-a0-1074-g0b22e4e0f1 (webtiles) character file.

Game seed: 6267086274403552538

110 ShutUppercut the Cudgeller (level 4, -1/35 HPs)
             Began as a Demonspawn Monk on Dec 4, 2023.
             Slain by Grinder (6 damage)
             ... on level 3 of the Dungeon.
             The game lasted 00:07:14 (2991 turns).

ShutUppercut the Cudgeller (Demonspawn Monk)        Turns: 2991, Time: 00:07:14

Health: -1/35      AC:  5    Str: 11    XL:     4   Next: 61%
Magic:  4/4        EV: 12    Int: 12    God:
Gold:   986        SH:  0    Dex: 17    Spells: 3/3 levels left

rFire   . . .        g - +1 whip "Moytrir" {drain, rCorr}
rCold   . . .        d - orb {light}
rNeg    . . .        k - +2 leather armour {rPois}
rPois   +            (no helmet)
rElec   .            (no cloak)
rCorr   +            (no gloves)
SInv    .            (no boots)
Will    .....        (no amulet)
Stlth   +            (no ring)
HPRegen 0.25/turn    (no ring)
MPRegen 0.09/turn

%: no passive effects
@: mighty, glowing, studying Armour
A: powered by death 2
a: no special abilities


You were on level 3 of the Dungeon.
You visited 1 branch of the dungeon, and saw 3 of its levels.

You collected 986 gold pieces.

Inventory:

Hand Weapons
 g - the +1 whip "Moytrir" (weapon) {drain, rCorr}
   (You found it on level 2 of the Dungeon)

   rCorr:     It protects you from acid and corrosion.
Missiles
 b - a throwing net
Armour
 d - an orb of light (worn)
 k - a +2 leather armour of poison resistance (worn)
Talismans
 e - a blade talisman
Scrolls
 a - a scroll of teleportation {unknown}
 f - 2 scrolls of identify {unknown}
 h - a scroll of acquirement
 l - a scroll of vulnerability {unknown}
 n - a scroll of summoning {unknown}
 p - a scroll of enchant armour {unknown}
 q - a scroll of amnesia {unknown}
Potions
 c - a potion of cancellation
 o - a potion of haste


   Skills:
 * Level 3.5 Fighting
 + Level 4.4 Maces & Flails
 * Level 0.5 Armour
 - Level 2.9 Dodging


You had 3 spell levels left.
You didn't know any spells.
Your spell library contained the following spells:

 Spells                   Type           Power      Damage    Failure   Level
 Apportation              Tloc           0%         N/A       41%         1
 Sting                    Tmut/Pois      0%         1d3       41%         1
 Jinxbite                 Hex            0%         N/A       54%         2
 Poisonous Vapours        Pois/Air       0%         N/A       54%         2
 Leda's Liquefaction      Hex/Erth       0%         N/A       99%         4
 Olgreb's Toxic Radiance  Pois           0%         N/A       99%         4
 Passage of Golubria      Tloc           0%         N/A       99%         4
 Alistair's Intoxication  Tmut/Pois      0%         N/A       100%        5
 Iskenderun's Battlesphe  Conj           0%         2d6       100%        5
 Lee's Rapid Deconstruct  Erth           0%         3d4*      100%        5
 Silence                  Hex/Air        0%         N/A       100%        5
 Summon Forest            Summ/Tloc      0%         N/A       100%        5
 Bombard                  Conj/Erth      0%         9d1       100%        6
 Eringya's Noxious Bog    Tmut/Pois      0%         4d6       100%        6
 Spellforged Servitor     Conj/Summ      0%         N/A       100%        7
 Summon Hydra             Summ           0%         N/A       100%        7
 Lehudib's Crystal Spear  Conj/Erth      0%         10d2      100%        8


Dungeon Overview and Level Annotations

Branches:
Dungeon (3/15)

Altars:
Dithmenos
Kikubaaqudgha
Makhleb
Uskayaw
Yredelemnul

Shops:
D:3 :

Annotations:
D:3 Grinder


Innate Abilities, Weirdness & Mutations

You regenerate health from kills.


Message History

You cannot move.
Unknown command.
You cannot move.
You start resting.
Your extra speed is starting to run out.
You start resting.
Your transformation is almost over.
Grinder is nearby!
Grinder is nearby!
You cannot move.
Grinder is nearby!
You feel yourself slow down.
Grinder blinks!
You hit Grinder.
Grinder is severely wounded.
Grinder barely misses you.
You hit Grinder but do no damage.
Grinder is severely wounded.
Grinder hits you but does no damage.
You barely miss Grinder.
Grinder is severely wounded.
You feel less wooden.
Your +2 leather armour of poison resistance unmelds from your body.
You feel resistant to poison.
Okay, then.
You whack Grinder!
Grinder is almost dead.
Grinder gestures at you. Pain shoots through your body!
* * * LOW HITPOINT WARNING * * *
Unknown command.
It was a potion of might.
You feel very mighty all of a sudden. Grinder gestures at you.
You barely resist. You barely miss Grinder.
Grinder is severely wounded.
Grinder hits you.
You die...
Grinder says, "Now the real fun starts!"

#....._ #........#...#..#.#..
..#....#####........###.#..#.#..
....#..#............###.#..#.#..
.......'..............#.#..#.#..
...[...'....#####.....#.#..#.#..
....#..#...## #.....#.#..#.#..
..#....##### #.....#.#....#..
#....._##########.....#.#.#.....
.....###.......@5.....'.#.......
...## ##########.....###.....#.
_## #####..........#.....#.
#......#######.#.....#. .
#......# ####.#..####. .
######......# #.##.#..# #.
.#####....#####.#####.##.#..####.
................#........#.......
#...##....#######.###.....#.###..


You could see Grinder.

Vanquished Creatures
  3 adders
  2 dart slugs
  An orc (D:3)
  9 ball pythons
  6 endoplasms
  A giant cockroach (D:1)
  6 goblins
  4 hobgoblins
  7 jackals
  5 quokkas
  3 bats
  5 frilled lizards
  8 kobolds
  20 rats
80 creatures vanquished.

Vanquished Creatures (others)
  A frilled lizard (D:3)
1 creature vanquished.

Grand Total: 81 creatures vanquished

Notes
Turn   | Place    | Note
-------+----------+-------------------------------------------
     0 | D:1      | ShutUppercut the Demonspawn Monk began the quest for the
                  | Orb.
     0 | D:1      | Reached XP level 1. HP: 18/18 MP: 1/1
    36 | D:1      | Found a faded altar of an unknown god.
    76 | D:1      | Reached skill level 3 in Maces & Flails
   339 | D:1      | Gained mutation: You regenerate a little health from kills.
                  | [demonic ancestry]
   339 | D:1      | Reached XP level 2. HP: 10/24 MP: 2/2
  1078 | D:2      | Reached XP level 3. HP: 29/29 MP: 3/3
  1083 | D:2      | Identified the +1 whip "Moytrir" {drain, rCorr}
  1125 | D:2      | Found a burning altar of Makhleb.
  1502 | D:2      | Reached skill level 4 in Maces & Flails
  1689 | D:2      | Gained mutation: You regenerate health from kills. [demonic
                  | ancestry]
  1689 | D:2      | Reached XP level 4. HP: 31/35 MP: 4/4
  2017 | D:2      | Identified 3 scrolls of acquirement
  2017 | D:2      | Acquired a manual of Armour
  2089 | D:3      | Acquired 780 gold pieces
  2199 | D:3      | Found Kolocah's Book Shop.
  2907 | D:3      | Noticed Grinder
  2908 | D:3      | Found an ancient bone altar of Kikubaaqudgha.
  2908 | D:3      | Found a shadowy altar of Dithmenos.
  2908 | D:3      | Found a basalt altar of Yredelemnul.
  2908 | D:3      | Found a hide-covered altar of Uskayaw.
  2913 | D:3      | Paralysed by Grinder for 5 turns
  2968 | D:3      | Paralysed by Grinder for 5 turns
  2991 | D:3      | Slain by Grinder

Illustrated notes

Levels and vault maps discovered:
D:1:      tekkud_arrival_beachfront_property, layout_basic,
          ebering_ecumenical_altar_box
D:2:      layout_basic, basic_altar, minmay_rat_hole
D:3:      layout_basic, minmay_overflow_temple_hex, serial_shops,
          nicolae_shop_stone, minmay_box_of_dots, uniq_grinder

Skill      XL: |  1  2  3 |
---------------+----------+-----
Maces & Flails | 3 4 |  4.4
Fighting       | |  3.5
Armour         | |  0.5
Dodging        | |  2.9

Action                     |  1- 3 |  4- 6 || total
---------------------------+-------+-------++-------
  Melee: Mace              |    56 |       ||    56
         Dagger            |    10 |       ||    10
         Whip              |    58 |    58 ||   116
  Evoke: Wand              |       |     2 ||     2
    Use: Potion            |     1 |     4 ||     5
         Scroll            |       |     2 ||     2
 Armour: Robe              |    69 |     2 ||    71
         Leather armour    |       |    21 ||    21
         Skin              |       |     5 ||     5
  Dodge: Dodged            |    97 |    23 ||   120

Table legend: (Time is in decaauts)
 A = Elapsed time spent in this place.
 B = Non-inter-level travel time spent in this place.
 C = Inter-level travel time spent in this place.
 D = Time resting spent in this place.
 E = Time spent auto-exploring this place.
 F = Levels seen in this place.
 G = Mean time per level.
                   A        B        C        D        E       F      G
               +--------+--------+--------+--------+--------+-----+--------+
         Total |   2971 |   2928 |     43 |    646 |   1748 |   3 |  990.3 |
       Dungeon |   2971 |   2928 |     43 |    646 |   1748 |   3 |  990.3 |
               +--------+--------+--------+--------+--------+-----+--------+

Top non-repeatable levels by time:
     D:1: 1081 daAuts
     D:2: 965 daAuts
     D:3: 923 daAuts
